 Dungeon Crawl Stone Soup version 0.29.1-15-g9cfb28693d (webtiles) character file.

Game seed: 11779899224022435093

52 Descartes the Stinger (level 3, -3/21 HPs)
             Began as an Octopode Venom Mage on Apr 7, 2023.
             Slain by a gnoll
             ... wielding a +0 spear
              (5 damage)
             ... on level 2 of the Dungeon.
             The game lasted 00:02:55 (1958 turns).

Descartes the Stinger (Octopode Venom Mage)         Turns: 1958, Time: 00:02:57

Health: -3/21      AC:  1    Str:  7    XL:     3   Next: 85%
Magic:  5/6        EV:  7    Int: 19    God:
Gold:   58         SH:  0    Dex: 12    Spells: 5/6 levels left

rFire   . . .      SeeInvis .   (no weapon)
rCold   . . .      Faith    .   (no shield)
rNeg    . . .      Spirit   .   (helmet restricted)
rPois   .          Reflect  .   (no amulet)
rElec   .          Harm     .   (no ring)
rCorr   .          Rampage  .   (no ring)
Will    .....                   (no ring)
Stlth   +++.......              (no ring)
HPRegen 0.07/turn               (no ring)
MPRegen 0.10/turn               (no ring)
                                (no ring)
                                (no ring)

@: lethally poisoned (-3 -> -15), held
A: almost no armour, amphibious, 8 rings, camouflage 1, gelatinous body 1,
(nimble swimmer 1), tentacles
a: no special abilities


You were on level 2 of the Dungeon.
You visited 1 branch of the dungeon, and saw 2 of its levels.

You collected 58 gold pieces.

Inventory:

Wands
 l - a wand of paralysis (9)
Scrolls
 c - a scroll of fog {unknown}
 g - a scroll of enchant weapon {unknown}
 i - a scroll of teleportation {unknown}
 j - a scroll of torment {unknown}
Potions
 a - a potion of magic
 b - a potion of flight {unknown}
 d - a potion of lignification {unknown}
 e - 2 potions of heal wounds {unknown}
 f - a potion of degeneration {unknown}
 h - a potion of attraction {unknown}
 k - a potion of mutation {unknown}


   Skills:
 + Level 2.5 Dodging
 + Level 3.7 Stealth
 + Level 2.4 Spellcasting
 - Level 1.0 Transmutations
 + Level 4.1 Poison Magic
 + Level 0.5 Evocations


You had 5 spell levels left.
You knew the following spells:

 Your Spells              Type           Power      Damage    Failure   Level
a - Sting                 Tmut/Pois      48%        1d5       5%          1

Your spell library contained the following spells:

 Spells                   Type           Power      Damage    Failure   Level
 Poisonous Vapours        Pois/Air       20%        N/A       11%         2
 Freeze                   Ice            8%         1d3       16%         1
 Mephitic Cloud           Conj/Pois/Air  7%         N/A       26%         3
 Olgreb's Toxic Radiance  Pois           18%        N/A       28%         4
 Frozen Ramparts          Ice            4%         1d1       43%         3
 Hailstorm                Conj/Ice       2%         3d3       85%         4


Dungeon Overview and Level Annotations

Branches:
Dungeon (2/15)

Altars:


Innate Abilities, Weirdness & Mutations

You cannot wear most types of armour.
You are amphibious.
You can wear up to eight rings at the same time.
Your skin changes colour to match your surroundings (Stealth+).
Your rubbery body absorbs attacks. (AC +1, EV +1)
((You are camouflaged when in or above water. (Stealth+)))
You have tentacles for arms and can constrict up to eight enemies at once.


Message History

The gnoll hits you from afar with a +0 spear.
Casting: Sting (safe; 5% risk of failure)
Confirm with . or Enter, or press ? or * to list all spells.
Aiming: Sting (safe; 5% risk of failure)
Press: ? - help, Shift-Dir - straight line, f/p - gnoll
Aim: a gnoll, wielding a +0 spear (almost dead, very poisoned, 75% to hit)
The sting hits the gnoll.
The gnoll looks even sicker.
The gnoll is almost dead.
The gnoll hits you from afar with a +0 spear.
* * * LOW HITPOINT WARNING * * *
Your magical contamination has completely faded away.
The gnoll hits you from afar with a +0 spear.
* * * LOW HITPOINT WARNING * * *
You feel a bit more experienced.
Casting: Sting (safe; 5% risk of failure)
Confirm with . or Enter, or press ? or * to list all spells.
You can't see any susceptible monsters within range! (Use Z to cast anyway.) Unknown command. 2 gnolls come into view.
Casting: Sting (safe; 5% risk of failure)
Confirm with . or Enter, or press ? or * to list all spells.
Aiming: Sting (safe; 5% risk of failure)
Press: ? - help, Shift-Dir - straight line, f - gnoll
Aim: a gnoll, wielding a +0 spear (asleep, 100% to hit)
The sting hits the gnoll.
The gnoll is poisoned.
The gnoll is moderately wounded.
The gnoll shouts! x2
The gnoll hits you from afar with a +0 spear!
The gnoll throws a throwing net.
The throwing net hits you.
You become entangled in the net!
You see here a throwing net.
You tear a large gash into the net.
You struggle against the net.
The gnoll barely misses you.
You struggle against the net.
The gnoll looks more healthy.
The gnoll hits you from afar with a +0 spear!
The gnoll hits you with a +0 whip of venom.
* * * LOW HITPOINT WARNING * * *
You are lethally poisoned!
The gnoll hits you from afar with a +0 spear.
You die...

#. ##.... #.## ....... .....
##..... #....######## #
#.#[.. ###..g........# #.#
#.##..
.............###)###.####
......g................. #.
#.##.##g.#..#.....#.####
#.##.##.g.@............# #
#.#...####..#..#.....#.#
#.#......###..#..##.).##)#
#......................#.#
#......).###.##...####[#.####
#...#...## #.##...# #.#.....
#...##.#####.##...####.#.####
#........................#
#.###.#.####.##..........#


You could see 3 gnolls.

Vanquished Creatures
  2 adders (D:2)
  A gnoll (D:2)
  A bat (D:1)
  5 endoplasms
  A giant cockroach (D:2)
  2 goblins
  3 hobgoblins
  A quokka (D:2)
  2 ball pythons
  A frilled lizard (D:1)
  3 kobolds
  2 rats
24 creatures vanquished.

Vanquished Creatures (others)
  6 plants (D:2)
6 creatures vanquished.

Grand Total: 30 creatures vanquished

Notes
Turn   | Place    | Note
-------+----------+-------------------------------------------
     0 | D:1      | Descartes the Octopode Venom Mage began the quest for the
                  | Orb.
     0 | D:1      | Reached XP level 1. HP: 11/11 MP: 3/3
   473 | D:1      | Reached XP level 2. HP: 14/17 MP: 0/5
  1029 | D:2      | Found a faded altar of an unknown god.
  1231 | D:2      | Reached skill level 4 in Poison Magic
  1231 | D:2      | Reached XP level 3. HP: 9/21 MP: 0/6
  1660 | D:2      | HP: 1/21 [gnoll/+0 spear (3)]
  1958 | D:2      | Slain by a gnoll

Illustrated notes

Levels and vault maps discovered:
D:1:      psy_arrival_radial02, layout_loops_ring, minmay_misc_feat_hallway
D:2:      layout_loops_ring, hellmonk_ecumenical_altar_arch_garden,
          serial_bayou_crossing

Skill      XL: |  1  2 |
---------------+-------+-----
Stealth        | 3 |  3.7
Poison Magic   | 4 |  4.1
Dodging        | |  2.5
Spellcasting   | |  2.4
Transmutations | |  1.0
Evocations     | |  0.5

Action                   || total
-------------------------++-------
Melee: Unarmed           ||    16
       Constrict         ||     3
       Tentacles         ||     1
 Cast: Sting             ||    48
Armor: Skin              ||     1
Dodge: Dodged            ||    14
